 Dungeon Crawl Stone Soup version 0.22.1-2-g9c5b331 (webtiles) character file.

289 MalarOregon the Ducker (level 6, -3/45 HPs)
             Began as a Merfolk Ice Elementalist on Nov 28, 2018.
             Slain by a bullfrog (4 damage)
             ... in a sewer.
             The game lasted 00:06:14 (3334 turns).

MalarOregon the Ducker (Merfolk Ice Elementalist)   Turns: 3334, Time: 00:06:14

Health: -3/45      AC:  2    Str:  9    XL:     6   Next: 31%
Magic:  3/10       EV: 14    Int: 18    God:
Gold:   121        SH:  0    Dex: 14    Spells: 4/10 levels left

rFire    + + .     SeeInvis .   g - +1 short sword (speed)
rCold    + . .     Gourm    .   (no shield)
rNeg     . . .     Faith    .   a - +0 robe
rPois    .         Spirit   .   (no helmet)
rElec    .         Reflect  .   (no cloak)
rCorr    .         Harm     .   (no gloves)
MR       .....                  (no boots)
Stlth    ++........             (no amulet)
HPRegen  0.15/turn              o - ring of protection from cold
MPRegen  0.12/turn              i - ring of protection from fire

@: hasted, very quick
A: change form in water, swift swim, stealthy swim, clever 1, fire resistance 1,
no potion heal 1
a: no special abilities


You were in a sewer.
You were not hungry.

You visited 1 branch of the dungeon, and saw 3 of its levels.
You also visited: Sewer.

You collected 121 gold pieces.

Inventory:

Hand Weapons
 g - a +1 short sword of speed (weapon)
   (You took it off a kobold on level 1 of the Dungeon)
Armour
 a - a +0 robe (worn)
Jewellery
 i - a ring of protection from fire (right hand)
   (You found it on level 3 of the Dungeon)
 o - a ring of protection from cold (left hand)
   (You found it on level 2 of the Dungeon)
Wands
 t - a wand of flame (25)
   (You found it on level 3 of the Dungeon)
Scrolls
 b - a scroll of enchant weapon {unknown}
 c - 2 scrolls of identify {unknown}
 d - 2 scrolls of noise {unknown}
 f - 2 scrolls of amnesia {unknown}
 m - 3 scrolls of teleportation {unknown}
 q - a scroll of immolation {unknown}
 r - a scroll of random uselessness {unknown}
 x - 3 scrolls of magic mapping {unknown}
Potions
 h - a potion of flight {unknown}
 j - 3 potions of curing {unknown}
 p - a potion of brilliance
 u - a potion of agility {unknown}
 v - a potion of magic {unknown}
Comestibles
 e - a ration {!d}
 n - 21 chunks of flesh


   Skills:
 + Level 2.3 Fighting
 + Level 1.6 Armour
 + Level 4.3 Dodging
 - Level 2.1 Stealth
 + Level 2.9 Spellcasting
 + Level 1.9 Conjurations
 + Level 4.2 Ice Magic


You had 4 spell levels left.
You knew the following spells:

 Your Spells              Type           Power        Failure   Level  Hunger
a - Freeze                Ice            ###.         2%          1    None
b - Ozocubu's Armour      Chrm/Ice       ##......     21%         3    ###....
x - Throw Frost           Conj/Ice       ##....       7%          2    ##.....

Your spell library contained the following spells:

 Spells                   Type           Power        Failure   Level  Hunger
 Throw Icicle             Conj/Ice       ##......     41%         4    ####...
 Summon Ice Beast         Ice/Summ       ##......     56%         4    ####...


Dungeon Overview and Level Annotations

Branches:
Dungeon (3/15)

Altars:
Fedhas
Gozag
Kikubaaqudgha
Yredelemnul


Innate Abilities, Weirdness & Mutations

You revert to your normal form in water.
You are very nimble and swift while swimming.
You are very stealthy in the water. (Stealth+)
Your mind is acute. (Int +2)
Your flesh is heat resistant. (rF+)
Potions are less effective at restoring your health.


Message History

* * * LOW HITPOINT WARNING * * *
The ball python bites you.
* * * LOW HITPOINT WARNING * * *
You escape the ball python's grasp.
The ball python barely misses you. The ball python closely misses you.
The bullfrog hits you.
* * * LOW HITPOINT WARNING * * *
You feel sick. The ball python barely misses you.
The ball python closely misses you. The bullfrog barely misses you.
The ball python barely misses you. The ball python misses you.
The ball python closely misses you. The ball python grabs you.
* * * LOW HITPOINT WARNING * * *
The ball python constricts you.
You escape the ball python's grasp.
The bullfrog hits you!
* * * LOW HITPOINT WARNING * * *
It was a potion of brilliance.
You feel clever all of a sudden.
You feel sick. The bullfrog closely misses you. The ball python misses you.
The ball python closely misses you.
It was a potion of mutation.
You feel extremely strange.
Your system partially rejects the healing effects of potions.
You feel clever.
You feel resistant to heat. The bullfrog barely misses you.
The ball python barely misses you. The ball python grabs you.
* * * LOW HITPOINT WARNING * * *
The ball python constricts you. The bullfrog hits you.
* * * LOW HITPOINT WARNING * * *
It was a potion of might.
You feel very mighty all of a sudden. The ball python bites you.
* * * LOW HITPOINT WARNING * * *
* * * LOW HITPOINT WARNING * * *
The ball python constricts you. The bullfrog barely misses you.
The ball python misses you. The ball python loses its grip on you.
Unknown command.
It was a potion of cancellation.
Your magical effects are unravelling.
You feel magically purged.
Your magical contamination has completely faded away.
You feel a little less mighty now.
You feel a little less clever now. The bullfrog barely misses you.
The ball python closely misses you. The ball python barely misses you.
The bullfrog completely misses you. The ball python barely misses you.
The ball python misses you. The bullfrog misses you.
It was a potion of haste.
You feel yourself speed up.
* * * LOW HITPOINT WARNING * * *
You feel sick.
You are no longer poisoned.
The bullfrog hits you.
You die...

##### ####...####
####.........####
##.........SS....##
#.......#..@FS....#
##......##'##FS....##
#......###..##......#
##.....# #..##...≈.##
#≈≈≈≈≈≈# #####≈≈≈≈≈≈#
#≈÷≈≈≈≈# #≈≈≈≈≈≈#
#≈≈≈≈≈≈# #≈≈≈≈≈≈#
#≈†≈≈≈≈# #≈≈≈≈≈≈#
#≈≈≈≈≈≈# #≈≈≈≈≈≈#


You could see 2 bullfrogs and 4 ball pythons.

Vanquished Creatures
  An orc wizard (D:3)
  A worker ant (D:2)
  A hound skeleton (D:3)
  10 adders
  3 river rats (Sewer)
  2 oozes
  A worm (D:2)
  A dart slug (D:1)
  2 leopard geckos
  4 orcs (D:3)
  9 ball pythons
  5 giant cockroaches
  6 goblins
  3 hobgoblins
  4 jackals (D:1)
  8 kobolds
  2 quokkas (D:3)
  4 bats
  7 frilled lizards
  28 rats
102 creatures vanquished.

Notes
Turn   | Place    | Note
-------+----------+-------------------------------------------
     0 | D:1      | MalarOregon the Merfolk Ice Elementalist began the quest
                  | for the Orb.
     0 | D:1      | Reached XP level 1. HP: 13/13 MP: 3/3
   233 | D:1      | Reached XP level 2. HP: 20/20 MP: 1/5
   240 | D:1      | Learned a level 2 spell: Throw Frost
   651 | D:1      | Reached skill level 1 in Fighting
   651 | D:1      | Reached skill level 1 in Conjurations
   651 | D:1      | Reached XP level 3. HP: 23/26 MP: 4/6
   656 | D:1      | Learned a level 3 spell: Ozocubu's Armour
  1399 | D:2      | Reached XP level 4. HP: 32/32 MP: 4/7
  1668 | D:2      | Reached skill level 1 in Armour
  2264 | D:2      | Reached XP level 5. HP: 36/38 MP: 8/8
  2305 | D:2      | Found an opulent altar of Gozag.
  2306 | D:2      | Found a basalt altar of Yredelemnul.
  2312 | D:2      | Found an ancient bone altar of Kikubaaqudgha.
  2546 | D:3      | Found a blossoming altar of Fedhas.
  3023 | D:3      | Found a glowing drain.
  3037 | Sewer    | Entered a sewer
  3138 | Sewer    | Reached XP level 6. HP: 41/44 MP: 8/10
  3331 | Sewer    | Gained mutation: Potions are less effective at restoring
                  | your health. [potion of mutation]
  3331 | Sewer    | Gained mutation: Your mind is acute. (Int +2) [potion of
                  | mutation]
  3331 | Sewer    | Gained mutation: Your flesh is heat resistant. (rF+)
                  | [potion of mutation]
  3332 | Sewer    | HP: 2/45 [ball python (1)]
  3334 | Sewer    | Slain by a bullfrog

Skill      XL: |  1  2  3  4  5 |
---------------+----------------+-----
Dodging        | 3 4 |  4.3
Fighting       | 1 2 |  2.3
Conjurations   | 1 |  1.9
Armour         | 1 |  1.6
Ice Magic      | 4 |  4.2
Stealth        | |  2.1
Spellcasting   | |  2.9

Action                   |  1- 3 |  4- 6 || total
-------------------------+-------+-------++-------
Melee: Dagger            |     3 |       ||     3
       Unarmed           |     3 |       ||     3
       Short sword       |    64 |   120 ||   184
       Tailslap          |       |     8 ||     8
 Cast: Freeze            |    19 |    58 ||    77
  Use: Potion            |     1 |     5 ||     6
 Stab: Sleeping          |     7 |     7 ||    14
       Distracted        |     1 |       ||     1
  Eat: Chunk             |     2 |     6 ||     8
Armor: Robe              |    10 |    27 ||    37
Dodge: Dodged            |    53 |   153 ||   206
